 Dungeon Crawl Stone Soup version 0.28-b1-25-g9875b3fc8c (webtiles) character file.

Game seed: 17341551520010587217

18 adizb the Skirmisher (level 2, 0/33 HPs)
             Began as an Ogre Fighter on Feb 2, 2022.
             Slain by a kobold (4 damage)
             ... on level 2 of the Dungeon.
             The game lasted 00:03:48 (297 turns).

adizb the Skirmisher (Ogre Fighter)                  Turns: 297, Time: 00:03:49

Health: 0/33       AC:  3    Str: 19    XL:     2   Next: 66%
Magic:  2/2        EV:  8    Int:  9    God:
Gold:   0          SH:  7    Dex:  8    Spells: 1/1 levels left

rFire   . . .      SeeInvis .   a - +0 flail
rCold   . . .      Faith    .   c - +0 kite shield
rNeg    . . .      Spirit   .   b - +0 robe
rPois   .          Reflect  .   (helmet restricted)
rElec   .          Harm     .   (no cloak)
rCorr   .          Rampage  .   (gloves unavailable)
Will    .....                   (boots unavailable)
Stlth   +.........              (no amulet)
HPRegen 0.11/turn               (no ring)
MPRegen 0.08/turn               (no ring)

@: mighty
A: large, unfitting armour, tough skin 1
a: no special abilities


You were on level 2 of the Dungeon.
You visited 1 branch of the dungeon, and saw 2 of its levels.

Inventory:

Hand Weapons
 a - a +0 flail (weapon)
Missiles
 e - 19 stones (quivered)
Armour
 b - a +0 robe (worn)
 c - a +0 kite shield (worn)


   Skills:
 + Level 4.3 Fighting
 + Level 2.1 Maces & Flails
 + Level 0.5 Throwing
 + Level 2.9 Dodging
 - Level 2.6 Shields


You had one spell level left.
You didn't know any spells.
Your spell library was empty.

Dungeon Overview and Level Annotations

Branches:
Dungeon (2/15)

Altars:


Innate Abilities, Weirdness & Mutations

You are too large for most types of armour.
You have tough skin. (AC +1)


Message History

e - 19 stones (gained 1) 2 kobolds come into view.
The kobold shouts! x2
A kobold comes into view. It is wielding a +0 dagger.
A kobold comes into view. It is wielding a +0 short sword.
Found a frilled lizard skeleton.
The kobold shouts! x2; You hear an angry hiss.
The kobold throws a stone.
The stone hits you but does no damage.
Found a rat skeleton.
The kobold hits you with a +0 short sword.
You block the kobold's attack.
You see here 4 stones.
You closely miss the kobold.
The kobold hits you with a +0 short sword.
* * * LOW HITPOINT WARNING * * *
The kobold hits you with a +0 short sword.
* * * LOW HITPOINT WARNING * * *
You barely miss the kobold.
The kobold hits you with a +0 short sword.
* * * LOW HITPOINT WARNING * * *
The kobold hits the plant with a +0 dagger.
The plant begins to die.
The kobold hits the plant with a +0 short sword.
The plant begins to die.
The kobold hits you with a +0 short sword.
* * * LOW HITPOINT WARNING * * *
The kobold hits the plant with a +0 dagger.
The kobold hits the plant with a +0 short sword.
You closely miss the kobold.
The kobold hits the plant with a +0 short sword.
You block the kobold's attack.
The kobold hits the plant with a +0 short sword.
The kobold hits the plant with a +0 dagger.
The kobold hits the plant with a +0 short sword.
You closely miss the kobold. You block the kobold's attack.
The kobold hits the plant with a +0 short sword.
The kobold hits the plant with a +0 dagger.
The kobold hits the plant with a +0 short sword.
The kobold hits you with a +0 short sword.
You die... ♣#P.÷.#P♣#......## #♣P.÷...P♣#.......# P≈......P#.......# ♣...§...P#.......##.# ♣.......♣#........... #...÷.P #.......#... ♣#PKKK#P #........... #... ♣PPPKPP♣

#........... #...
#####@#####....#......
#...###..........#..........
#...............†#..........
#................#......).##
#................#....#...##
#..........).....#......#.##
#................#...####.##
#................#...'....##
########.........#...#######


You could see 4 kobolds.

Vanquished Creatures
  An adder (D:2)
  A goblin (D:2)
  2 hobgoblins (D:1)
  2 kobolds (D:2)
  2 rats
8 creatures vanquished.

Vanquished Creatures (others)
  2 plants (D:2)
2 creatures vanquished.

Grand Total: 10 creatures vanquished

Notes
Turn   | Place    | Note
-------+----------+-------------------------------------------
     0 | D:1      | adizb the Ogre Fighter began the quest for the Orb.
     0 | D:1      | Reached XP level 1. HP: 24/24 MP: 1/1
   195 | D:2      | Reached XP level 2. HP: 25/32 MP: 2/2
   297 | D:2      | Slain by a kobold

Illustrated notes

Levels and vault maps discovered:
D:1:      lemuel_arrival_funnel, layout_basic,
          hellmonk_ecumenical_altar_inner_sanctum, minmay_crystal_room,
          st_stairs_5, minmay_hedge_maze
D:2:      layout_basic, lexackson_kobold_supper

Skill      XL: |  1 |
---------------+----+-----
Maces & Flails | 2 |  2.1
Fighting       | |  4.3
Throwing       | |  0.5
Dodging        | |  2.9
Shields        | |  2.6

Action                   || total
-------------------------++-------
Melee: Flail             ||    36
Throw: Stone             ||    21
  Use: Scroll            ||     1
       Potion            ||     1
Armor: Robe              ||    11
Dodge: Dodged            ||    16
Block: Kite shield       ||    23
